 Dungeon Crawl Stone Soup version 0.30-a0-883-g5ad918d77d (webtiles) character file.

Game seed: 17656565695368087599

67 Sanktem7 the Covered (level 3, -7/33 HPs)
             Began as a Minotaur Fighter on Mar 17, 2023.
             Mangled by Crazy Yiuf
             ... wielding a +3 quarterstaff of chaos
              (20 damage)
             ... on level 2 of the Dungeon.
             The game lasted 00:01:54 (1624 turns).

Sanktem7 the Covered (Minotaur Fighter)             Turns: 1624, Time: 00:01:54

Health: -7/33      AC: 11    Str: 22    XL:     3   Next: 98%
Magic:  2/2        EV:  6    Int:  5    God:
Gold:   85         SH:  4    Dex:  9    Spells: 2/2 levels left

rFire   . . .      SeeInvis .    a - +0 war axe {axe}
rCold   . . .      Faith    .    c - +0 buckler
rNeg    . . .      Spirit   .    l - +0 plate armour
rPois   +          Reflect  .    (helmet restricted)
rElec   .          Rampage  .    (no cloak)
rCorr   .                        (no gloves)
Will    .....                    (no boots) Stlth
                                 (no amulet)
HPRegen 0.25/turn                f - ring of poison resistance
MPRegen 0.08/turn                (no ring)

@: no status effects
A: horns 2, retaliatory headbutt
a: no special abilities


You were on level 2 of the Dungeon.
You visited 1 branch of the dungeon, and saw 2 of its levels.

You collected 85 gold pieces.


Innate Abilities, Weirdness & Mutations

You have a pair of horns on your head.
You reflexively headbutt those who attack you in melee.


   Skills:
 + Level 4.1 Fighting
 * Level 3.8 Axes
 + Level 4.2 Armour
 + Level 4.1 Shields


You had 2 spell levels left.
You didn't know any spells.
Your spell library was empty.

Inventory:

Hand Weapons
 a - a +0 war axe (weapon) {axe}
Missiles
 e - 20 stones (quivered) {throwing}
Armour
 c - a +0 buckler (worn)
 l - a +0 plate armour (worn)
   (You found it on level 2 of the Dungeon)
Jewellery
 f - a ring of poison resistance (left hand)
   (You found it on level 1 of the Dungeon)
Scrolls
 g - a scroll of noise {unknown}
 j - a scroll of blinking {unknown}
 k - a scroll of identify {unknown}
 n - a scroll of enchant weapon {unknown}
Potions
 b - a potion of mutation {unknown}
 d - a potion of might
 h - a potion of degeneration {unknown}
 i - 2 potions of haste {unknown}
 m - a potion of heal wounds {unknown}

Dungeon Overview and Level Annotations

Branches:
Dungeon (2/15) Zot: 10339

Altars:

Annotations:
D:2 Crazy Yiuf

....#
#....####.####.###
....# ##..## #.#
#.# ....# ♣....♣
#.# #.# ....#
♣...♣♣ #.####.#
....# ♣♣.♣♣
#.<....# ....#
♣.♣♣ #.######
....# ♣♣.♣ #.#
....# ♣.♣♣ #.#
....# ♣♣@♣ #.#
....# #g# #.#
....# ... #.#
##### #...# #.#
#..)# #.# #####
###


You could see Crazy Yiuf.


Message History

You kill the frilled lizard!
No target in view!
No target in view!
No target in view!
No target in view!
You now have 85 gold pieces (gained 3).
There is an open door here.
Key pressed, stopping explore.
Things that are here:
a hobgoblin corpse; a ball python corpse
There is an open door here.
You open the door.
There is an open door here.
Key pressed, stopping explore.
There is an open door here.
You see here an adder corpse.
An endoplasm comes into view.
The endoplasm quivers.
An endoplasm is nearby!
You block the endoplasm's attack.
You slash the endoplasm!
You kill the endoplasm!
No target in view!
No target in view!
No target in view!
No target in view!
You open the door.
There is an open door here.
Things that are here:
a +0 dagger {short}; a worm corpse; a goblin corpse
There is an open door here.
Things that are here:
a +0 dagger {short}; a worm corpse; a goblin corpse Key pressed, stopping explore.
There is an open door here.
There is an open door here.
A quokka comes into view.
A quokka is nearby!
The quokka bites you but does no damage.
The quokka bites you. 😕 HP[-2]
You take 2 damage, and now have 31/33 hp.
You hit the quokka. The quokka barely misses you. 😕 HP[+1]
You closely miss the quokka. You block the quokka's attack.
The quokka twitches its whiskers.
The quokka bites you but does no damage.
You slash the quokka!
You kill the quokka! 😎 HP[+1]
Your hp is fully restored (33).
No target in view!
No target in view!
No target in view!
Found a stone staircase leading up.
There is a stone staircase leading up here.
Crazy Yiuf shouts!
Crazy Yiuf cries, "You leg down broken song, no?"
Crazy Yiuf sings, "Trees, trees, trees, circus!"
Could not explore, unopened runed door.
You start waiting.
Crazy Yiuf says, "Blight foot wrapper!"
Crazy Yiuf yells, "Buddy blue return to song!"
Crazy Yiuf says, "Powder head mumblescurry!"
Crazy Yiuf flaps his cloak.
Crazy Yiuf cries, "You leg down broken song, no?"
Crazy Yiuf twirls on the spot.
Crazy Yiuf whimpers, "Sif Muna!"
Crazy Yiuf laughs, "Snurf tired sing-song!"
Crazy Yiuf screams, "Tonal shoe high!"
Crazy Yiuf says, "Shower!
Walk light hog."
Crazy Yiuf glowers.
Crazy Yiuf whimpers, "Ten shoe sow!"
Crazy Yiuf grits, "Liver!"
Crazy Yiuf flaps his cloak.
Crazy Yiuf says, "Hah snockshim forty-two!"
Crazy Yiuf screams, "Dawk mobile hog!"
Crazy Yiuf whimpers, "Seed shoe agre!"
Crazy Yiuf says, "Orb Xom chair!"
Crazy Yiuf sings, "Trees, trees, trees, circus!"
Crazy Yiuf laughs, "Candle poople water!"
Done waiting.
You open the door. You slash Crazy Yiuf!
Crazy Yiuf hits you with a +3 quarterstaff of chaos.
Crazy Yiuf freezes you. 😕 HP[-7]
You take 7 damage, and now have 26/33 hp.
MASSIVE DAMAGE!! (PAUSE)
You hit Crazy Yiuf.
Crazy Yiuf hits you with a +3 quarterstaff of chaos.
You resist with some effort.
Crazy Yiuf hits you but does no damage. 😮 HP[-3]
You take 3 damage, and now have 23/33 hp.
You hit Crazy Yiuf but do no damage.
Crazy Yiuf hits you with a +3 quarterstaff of chaos!
* * * LOW HITPOINT WARNING * * *
You are electrocuted!!
Ouch! That really hurt!
You die...

Skill      XL: |  1  2  3 |
---------------+----------+-----
Axes           | 3 |  3.8
Fighting       | 4 |  4.1
Shields        | 4 |  4.1
Armour         | 4 |  4.2

Action                     || total
---------------------------++-------
  Melee: War axe           ||    94
         Headbutt          ||    10
 Armour: Scale mail        ||    38
         Plate armour      ||    14
  Dodge: Dodged            ||    45
  Block: Buckler           ||    15

Levels and vault maps discovered:
D:1:      saegor_arrival_miasma, layout_basic
D:2:      layout_basic, uniq_crazy_yiuf_cottage

Notes
Turn   | Place    | Note
-------+----------+-------------------------------------------
     0 | D:1      | Sanktem7 the Minotaur Fighter began the quest for the Orb.
     0 | D:1      | Reached XP level 1. HP: 19/19 MP: 0/0
     0 | D:1      | magus.rc [v1.9.6]
   113 | D:1      | Reached XP level 2. HP: 27/27 MP: 1/1
   182 | D:1      | Reached skill level 3 in Axes
   692 | D:1      | Reached skill level 4 in Fighting
   816 | D:2      | Reached skill level 4 in Shields
   816 | D:2      | Reached XP level 3. HP: 33/33 MP: 2/2
   833 | D:2      | Reached skill level 4 in Armour
  1517 | D:2      | Found a runed translucent door.
  1518 | D:2      | Noticed Crazy Yiuf
  1624 | D:2      | Mangled by Crazy Yiuf

Vanquished Creatures
  2 adders (D:2)
  A dart slug (D:1)
  A worm (D:2)
  4 bats
  5 endoplasms
  4 giant cockroaches (D:1)
  3 goblins
  5 hobgoblins
  A kobold (D:1)
  2 quokkas
  8 ball pythons
  A frilled lizard (D:2)
  3 rats
40 creatures vanquished.

Table legend:
 A = Non-vault XP
 B = Vault XP
 C = Vault XP percentage of total XP
 D = Non-vault monster count
 E = Vault monster count
 F = Vault count percentage of total count
                 A         B        C        D         E       F
            +---------+---------+-------+---------+---------+-------
      Total |      96 |       0 |   0.0 |      40 |       0 |   0.0
            +---------+---------+-------+---------+---------+-------
        D:1 |      38 |       0 |   0.0 |      21 |       0 |   0.0
        D:2 |      58 |       0 |   0.0 |      19 |       0 |   0.0
            +---------+---------+-------+---------+---------+-------

Illustrated notes

Table legend:
 A = Kills in this place as a percentage of kills in the entire game.
 B = Kills by you in this place as a percentage of kills by you in the entire game.
 C = Kills by friends in this place as a percentage of kills by friends in the entire game.
 D = Other kills in this place as a percentage of other kills in the entire game.
 E = Experience gained in this place as a percentage of experience gained in the entire game.
 F = Experience gained in this place divided by the number of levels of this place that you have seen.
                   A       B       C       D       E      F
               +-------+-------+-------+-------+-------+----------------------
         Total | 100.0 | 100.0 |   N/A |   N/A | 100.0 |  48.0
       Dungeon | 100.0 | 100.0 |   N/A |   N/A | 100.0 |  48.0
               +-------+-------+-------+-------+-------+----------------------

Table legend: (Time is in decaauts)
 A = Elapsed time spent in this place.
 B = Non-inter-level travel time spent in this place.
 C = Inter-level travel time spent in this place.
 D = Time resting spent in this place.
 E = Time spent auto-exploring this place.
 F = Levels seen in this place.
 G = Mean time per level.
                   A        B        C        D        E       F      G
               +--------+--------+--------+--------+--------+-----+--------+
         Total |   1658 |   1632 |     26 |    100 |   1259 |   2 |  829.0 |
       Dungeon |   1658 |   1632 |     26 |    100 |   1259 |   2 |  829.0 |
               +--------+--------+--------+--------+--------+-----+--------+

Top non-repeatable levels by time:
     D:2: 942 daAuts
     D:1: 715 daAuts
